[Event "Championnat de France Alpe d'Huez 2023 "]
[Site "ALPE D'HUEZ, France"]
[Date "2023.08.23"]
[Round "5.21"]
[White "DEGRAEVE, Jean-Marc"]
[Black "SONNET, Jean-Pierre"]
[Result "1-0"]
[ECO "B28"]
[WhiteElo "2487"]
[BlackElo "2113"]
[PlyCount "101"]
[EventDate "2023.08.??"]
[TimeControl "1/40+30:0"]

1. e4 {9} c5 {7} 2. Nf3 {18} a6 {97} 3. c3 {38} Nf6 {86} 4. e5 {34} Nd5 {5} 5.
d4 {80} cxd4 {18} 6. Bc4 {126} Nb6 {83} 7. Bb3 {8} e6 {45} 8. cxd4 {30} d5 {31}
9. Nc3 {38} Be7 {33} 10. h4 {134} h6 {130} 11. g3 {114} Nc6 {16} 12. Kf1 {149}
Bd7 {16} 13. Kg2 {13} Na5 {49} 14. Bc2 {18} Qc7 {288} 15. Bd3 {415} Nbc4 {235}
16. Ne2 {232} O-O-O {386} 17. a4 {158} Nc6 {229} 18. b3 {45} N4a5 {84} 19. Bd2
{32} Kb8 {42} 20. Nc1 {530} Qb6 {203} 21. Rb1 {194} Nb4 {123} 22. Be2 {52} Rc8
{151} 23. Nd3 {48} Nxd3 {373} 24. Bxd3 {2} Bb4 {172} 25. h5 {310} Nc6 {114} 26.
Rh4 {52} f5 {407} 27. Be3 {849} Be7 {47} 28. Rh1 {8} Nb4 {24} 29. Qd2 {386} Be8
{93} 30. Ng1 {77} Bf7 {110} 31. Ne2 {10} Rc6 {111} 32. Rbc1 {391} Rxc1 {630}
33. Nxc1 {7} Nc6 {172} 34. Be2 {135} Bb4 {109} 35. Qb2 {23} Rc8 {117} 36. Nd3 {
191} Na5 {287} 37. Rc1 {126} Rxc1 {38} 38. Bxc1 {216} Be7 {66} 39. Bd1 {14} Nc6
{289} 40. Be3 {10} Be8 {87} 41. Qc3 {455} Qa5 {223} 42. Qxa5 {235} Nxa5 {9} 43.
Nf4 {275} Bf7 {143} 44. g4 {112} fxg4 {70} 45. Bxg4 {14} Nxb3 {17} 46. Nxe6 {
281} g6 {446} 47. hxg6 {78} Bxg6 {7} 48. Nf4 {4} Be4+ {37} 49. Bf3 {112} Bxf3+
{71} 50. Kxf3 {2} b5 {11} 51. axb5 {43} 1-0

[Event "Championnat de France Alpe d'Huez 2023 "]
[Site "ALPE D'HUEZ, France"]
[Date "2023.08.23"]
[Round "5.22"]
[White "COSTE, Thierry"]
[Black "FAYARD, Alain"]
[Result "1/2-1/2"]
[ECO "B10"]
[WhiteElo "2024"]
[BlackElo "2152"]
[PlyCount "45"]
[EventDate "2023.08.??"]
[TimeControl "1/40+30:0"]

1. e4 {9} c6 {7} 2. d3 {158} d5 {21} 3. Nd2 {22} e5 {15} 4. Ngf3 {15} Bd6 {34}
5. g3 {48} Nf6 {18} 6. Bg2 {43} O-O {8} 7. O-O {13} Re8 {246} 8. h3 {217} Nbd7
{103} 9. Re1 {441} a5 {131} 10. a4 {52} b6 {267} 11. Nf1 {279} dxe4 {282} 12.
Ng5 {116} e3 {343} 13. Nxe3 {85} Qc7 {119} 14. Qf3 {955} Bb7 {75} 15. Bd2 {225}
Rab8 {306} 16. Ne4 {458} Bf8 {72} 17. g4 {82} Nd5 {127} 18. Nxd5 {269} cxd5 {4}
19. Ng5 {21} f6 {94} 20. Qxd5+ {18} Bxd5 {45} 21. Bxd5+ {6} Kh8 {19} 22. Nf7+ {
5} Kg8 {5} 23. Nh6+ {5} 1/2-1/2

[Event "Championnat de France Alpe d'Huez 2023 "]
[Site "ALPE D'HUEZ, France"]
[Date "2023.08.23"]
[Round "5.23"]
[White "BISLIMI, Agron"]
[Black "BRUNEAU, Laurent"]
[Result "0-1"]
[ECO "B21"]
[WhiteElo "1970"]
[BlackElo "2172"]
[PlyCount "130"]
[EventDate "2023.08.??"]
[TimeControl "1/40+30:0"]

1. e4 {2} c5 {5} 2. f4 {6} d5 {24} 3. e5 {83} Nc6 {68} 4. Nf3 {7} Bg4 {170} 5.
Be2 {33} e6 {18} 6. O-O {7} Nh6 {204} 7. c3 {10} Nf5 {39} 8. d3 {29} h5 {18} 9.
Ng5 {14} Bxe2 {498} 10. Qxe2 {26} Be7 {13} 11. Na3 {94} h4 {168} 12. Nc2 {28}
Qc7 {350} 13. Ne3 {130} Nxe3 {864} 14. Bxe3 {53} d4 {88} 15. cxd4 {89} cxd4 {21
} 16. Bd2 {115} Bxg5 {277} 17. fxg5 {16} Qxe5 {15} 18. Qf3 {27} O-O {429} 19.
Qh5 {14} f6 {151} 20. Qxh4 {410} fxg5 {9} 21. Bxg5 {16} Rf5 {375} 22. Rxf5 {48}
Qxf5 {14} 23. Rf1 {33} Qxd3 {134} 24. Qg4 {238} Qg6 {87} 25. Re1 {79} e5 {26}
26. h4 {6} Rf8 {30} 27. h5 {71} Qf5 {28} 28. Qh4 {4} Rf7 {420} 29. Bc1 {283}
Nb4 {261} 30. h6 {22} gxh6 {46} 31. Re4 {59} Qf1+ {526} 32. Kh2 {11} Qxc1 {7}
33. Rg4+ {15} Rg7 {31} 34. Rxg7+ {135} Kxg7 {6} 35. Qe7+ {8} Kg6 {29} 36. Qe6+
{9} Kh5 {197} 37. Qxe5+ {71} Qg5 {113} 38. Qe2+ {136} Kg6 {60} 39. Qe8+ {98}
Kg7 {207} 40. Qd7+ {212} Kf8 {106} 41. Qc8+ {122} Kf7 {67} 42. Qd7+ {38} Qe7 {
46} 43. Qf5+ {19} Kg7 {516} 44. Qg4+ {17} Kf6 {32} 45. Qf4+ {254} Ke6 {233} 46.
Qe4+ {9} Kd6 {108} 47. Qxd4+ {11} Nd5 {47} 48. Qxa7 {25} Qe5+ {90} 49. Kh1 {48}
Qxb2 {411} 50. Qb8+ {59} Kd7 {72} 51. Qg8 {64} Qe5 {274} 52. Qh7+ {30} Kc8 {2}
53. Qxh6 {14} Qa1+ {151} 54. Kh2 {15} Qxa2 {7} 55. Qd6 {113} Qc4 {21} 56. Qe6+
{24} Kb8 {16} 57. g4 {92} Qf4+ {22} 58. Kh3 {99} Qe3+ {91} 59. Qxe3 {13} Nxe3 {
4} 60. g5 {2} Kc7 {31} 61. g6 {14} Nf5 {14} 62. Kg4 {14} Ne7 {17} 63. g7 {25}
Kd6 {9} 64. Kf4 {10} Kd5 {33} 65. Ke3 {45} Nf5+ {23} 0-1

[Event "Championnat de France Alpe d'Huez 2023 "]
[Site "ALPE D'HUEZ, France"]
[Date "2023.08.23"]
[Round "5.24"]
[White "GIRAUD, Thierry"]
[Black "LABORDE, Stephane"]
[Result "0-1"]
[ECO "A47"]
[WhiteElo "1966"]
[BlackElo "2125"]
[PlyCount "77"]
[EventDate "2023.08.??"]
[TimeControl "1/40+30:0"]

1. d4 {7} Nf6 {60} 2. Nf3 {13} b6 {6} 3. e3 {86} e6 {68} 4. Nbd2 {19} Bb7 {16}
5. Bd3 {6} c5 {46} 6. b3 {4} cxd4 {156} 7. exd4 {13} Nd5 {271} 8. O-O {222} Nf4
{104} 9. Ne4 {158} Nxd3 {249} 10. Qxd3 {9} Ba6 {27} 11. c4 {1} d5 {9} 12. Ned2
{9} Nc6 {325} 13. a3 {55} Be7 {168} 14. Bb2 {8} O-O {202} 15. Rfd1 {34} Na5 {76
} 16. Bc3 {109} dxc4 {141} 17. bxc4 {16} Nxc4 {38} 18. Nxc4 {99} Rc8 {15} 19.
Bb2 {388} Bxc4 {27} 20. Qe3 {30} Bd5 {84} 21. Rd2 {51} b5 {106} 22. h3 {102} a5
{459} 23. Ne5 {18} Rc7 {405} 24. Nd3 {60} Bd6 {435} 25. Nc5 {110} Qh4 {42} 26.
Nd3 {53} Rfc8 {23} 27. Rad1 {43} h6 {426} 28. Re2 {96} g5 {60} 29. Ne5 {14} f6
{205} 30. Nf3 {6} Qh5 {42} 31. Nh2 {162} Bf4 {45} 32. Ng4 {97} Kg7 {141} 33.
Qd3 {36} f5 {144} 34. Rxe6 {62} fxg4 {56} 35. Qf5 {30} gxh3 {343} 36. Rde1 {23}
Bh2+ {125} 37. Kxh2 {65} hxg2+ {3} 38. Qh3 g1=Q+ {7} 39. Rxg1 {4} 0-1

[Event "Championnat de France Alpe d'Huez 2023 "]
[Site "ALPE D'HUEZ, France"]
[Date "2023.08.24"]
[Round "6.21"]
[White "BRUNEAU, Laurent"]
[Black "DEGRAEVE, Jean-Marc"]
[Result "1/2-1/2"]
[ECO "A48"]
[WhiteElo "2172"]
[BlackElo "2487"]
[PlyCount "68"]
[EventDate "2023.08.??"]
[TimeControl "1/40+30:0"]

1. d4 {8} Nf6 {19} 2. Nf3 {6} g6 {24} 3. e3 {24} Bg7 {21} 4. Be2 {10} O-O {46}
5. O-O {7} d6 {19} 6. b3 {35} e5 {132} 7. dxe5 {36} dxe5 {9} 8. Ba3 {15} e4 {44
} 9. Bxf8 {72} Qxf8 {7} 10. Nfd2 {55} Nc6 {357} 11. c3 {26} Qe7 {46} 12. a4 {
512} Bf5 {79} 13. Nc4 {565} h5 {164} 14. Ra2 {68} Ng4 {162} 15. h3 {1075} Nge5
{147} 16. Nxe5 {44} Nxe5 {13} 17. Rd2 {6} Qg5 {177} 18. Kh1 {532} Qh4 {409} 19.
f4 {187} Ng4 {801} 20. Bxg4 {147} hxg4 {2} 21. Qe1 {108} Qxe1 {28} 22. Rxe1 {4}
gxh3 {4} 23. c4 {557} hxg2+ {73} 24. Kxg2 {7} Bf8 {363} 25. Nc3 {153} Bb4 {19}
26. Rc1 {98} Kg7 {39} 27. Kg3 {341} c6 {41} 28. Rh2 {181} a5 {65} 29. Kf2 {90}
Bc5 {208} 30. Rd1 {47} Bg4 {15} 31. Ne2 {34} Ra6 {331} 32. Rb1 {224} Ra8 {86}
33. Rd1 {7} Ra6 {108} 34. Rb1 {13} Ra8 {1437} 1/2-1/2

[Event "Championnat de France Alpe d'Huez 2023 "]
[Site "ALPE D'HUEZ, France"]
[Date "2023.08.24"]
[Round "6.22"]
[White "LEGRAND, Stephane"]
[Black "FAYARD, Alain"]
[Result "1-0"]
[ECO "A46"]
[WhiteElo "2072"]
[BlackElo "2152"]
[PlyCount "103"]
[EventDate "2023.08.??"]
[TimeControl "1/40+30:0"]

1. d4 {7} Nf6 {29} 2. g3 {24} e6 {25} 3. Nf3 {22} d5 {9} 4. Bg2 {13} c5 {11} 5.
e3 {148} Nc6 {128} 6. O-O {24} Be7 {21} 7. b3 {60} O-O {54} 8. Nbd2 {69} b6 {
258} 9. Bb2 {86} Ba6 {192} 10. c4 {184} Rc8 {138} 11. dxc5 {325} bxc5 {86} 12.
Qc2 {50} Qb6 {366} 13. Ne5 {213} Rfd8 {173} 14. Nxc6 {102} Qxc6 {206} 15. Rfd1
{207} Qb6 {531} 16. Rab1 {339} Qb8 {183} 17. Qc3 {485} Bb7 {495} 18. cxd5 {256}
exd5 {15} 19. Qe5 {353} Qxe5 {121} 20. Bxe5 {6} Nd7 {48} 21. Bb2 {374} Nb6 {79}
22. Rbc1 {154} Ba6 {254} 23. Nf3 {289} f6 {48} 24. Bh3 {285} Rc6 {244} 25. Nd4
{63} Rcc8 {428} 26. Be6+ {266} Kf8 {44} 27. Bxc8 {10} Rxc8 {2} 28. Ne6+ {30}
Kf7 {2} 29. Nf4 {10} Bb7 {40} 30. f3 {294} g5 {99} 31. Ne2 {46} Ke6 {52} 32.
Kf2 {37} Rd8 {351} 33. g4 {57} Nd7 {136} 34. h4 {337} h6 {35} 35. hxg5 {47}
hxg5 {2} 36. Rh1 {27} Ba6 {340} 37. Ng3 {142} Rb8 {370} 38. Nf5 {161} Bf8 {135}
39. Bc3 {522} Bd3 {79} 40. Rcd1 {319} Bb5 {81} 41. Rh7 {86} Bc6 {205} 42. Re1 {
227} Rb6 {106} 43. f4 {106} Ra6 {62} 44. Re2 {45} Bb5 {13} 45. Rd2 {41} Rb6 {
427} 46. Kg3 {867} Bc6 {144} 47. fxg5 {127} fxg5 {3} 48. Rh5 {87} Nf6 {105} 49.
Bxf6 {6} Kxf6 {2} 50. Rf2 {35} Kg6 {22} 51. Rh8 {37} Rb8 {191} 52. Rxf8 {39}
1-0

[Event "Championnat de France Alpe d'Huez 2023 "]
[Site "ALPE D'HUEZ, France"]
[Date "2023.08.24"]
[Round "6.23"]
[White "LABORDE, Stephane"]
[Black "BOULET, Philippe"]
[Result "1-0"]
[ECO "A01"]
[WhiteElo "2125"]
[BlackElo "1998"]
[PlyCount "99"]
[EventDate "2023.08.??"]
[TimeControl "1/40+30:0"]

1. b3 {20} d5 {16} 2. Bb2 {33} Bg4 {15} 3. Nf3 {24} Nd7 {8} 4. g3 {175} e6 {22}
5. Bg2 {28} f5 {28} 6. d3 {192} Ngf6 {143} 7. Nbd2 {211} Bd6 {86} 8. c4 {24} c6
{34} 9. Qc2 {66} O-O {105} 10. h3 {1148} Bxf3 {31} 11. exf3 {915} f4 {336} 12.
g4 {45} a5 {35} 13. O-O {156} a4 {529} 14. bxa4 {22} Nc5 {159} 15. Rfe1 {100}
Re8 {144} 16. Rab1 {75} Qa5 {316} 17. Bxf6 {665} gxf6 {10} 18. d4 {148} Qxa4 {
131} 19. Qc3 {230} Nd7 {197} 20. Rxb7 {120} Ra7 {294} 21. Rxa7 {335} Qxa7 {6}
22. cxd5 {329} cxd5 {12} 23. Qc6 {98} Qc7 {157} 24. Rc1 {23} Qxc6 {183} 25.
Rxc6 {2} Bb4 {83} 26. Nb3 {7} e5 {134} 27. Bf1 {28} Ra8 {97} 28. Ba6 {176} e4 {
373} 29. fxe4 {369} dxe4 {9} 30. Rc8+ {11} Rxc8 {14} 31. Bxc8 {7} Nb6 {49} 32.
Bb7 {9} e3 {38} 33. fxe3 {8} fxe3 {15} 34. Kf1 {13} Na4 {44} 35. Ke2 {70} Nc3+
{190} 36. Kxe3 {9} Nxa2 {14} 37. Kd3 {316} Bd6 {125} 38. Kc4 {12} Kf8 {39} 39.
Nc5 {61} Ke7 {58} 40. Nd3 {15} Ba3 {36} 41. Be4 {185} h6 {21} 42. Kb3 {20} Nc1+
{94} 43. Kxa3 {8} Ne2 {9} 44. d5 {43} Kd6 {48} 45. Kb2 {36} Ng3 {36} 46. Bf3 {
95} f5 {62} 47. Kc3 {59} Ne4+ {25} 48. Bxe4 {50} fxe4 {5} 49. Nb4 {26} Ke5 {6}
50. Kd2 {9} 1-0

[Event "Championnat de France Alpe d'Huez 2023 "]
[Site "ALPE D'HUEZ, France"]
[Date "2023.08.24"]
[Round "6.24"]
[White "VALETTE, Christian"]
[Black "QUILLIEN, Emmanuel"]
[Result "0-1"]
[ECO "D04"]
[WhiteElo "1822"]
[BlackElo "2096"]
[PlyCount "54"]
[EventDate "2023.08.??"]
[TimeControl "1/40+30:0"]

1. Nf3 {2} Nf6 {39} 2. d4 {68} c5 {33} 3. e3 {34} d5 {25} 4. Nbd2 {501} cxd4 {
399} 5. exd4 {12} Nc6 {8} 6. c3 {204} Bf5 {12} 7. Nh4 {83} Bg4 {164} 8. Qb3 {80
} Rb8 {613} 9. h3 {510} Bh5 {12} 10. Ndf3 {602} e6 {346} 11. Bf4 {181} Bd6 {11}
12. Bxd6 {494} Qxd6 {12} 13. Bb5 {641} O-O {177} 14. Qc2 {469} Rfc8 {274} 15.
g4 {209} Bg6 {15} 16. Nxg6 {7} hxg6 {28} 17. Bxc6 {252} bxc6 {102} 18. b4 {33}
Qf4 {610} 19. Ne5 {117} Ne4 {177} 20. h4 {417} a5 {676} 21. a3 {205} axb4 {278}
22. axb4 {35} Ra8 {66} 23. Ra5 {229} c5 {257} 24. Rh3 {223} cxd4 {383} 25. Nd3
{27} Qxg4 {27} 26. Rh1 {253} Rxa5 {225} 27. bxa5 {1} Qf3 {21} 0-1

[Event "Championnat de France Alpe d'Huez 2023 "]
[Site "ALPE D'HUEZ, France"]
[Date "2023.08.25"]
[Round "7.21"]
[White "DEGRAEVE, Jean-Marc"]
[Black "LABORDE, Stephane"]
[Result "1-0"]
[ECO "B01"]
[WhiteElo "2487"]
[BlackElo "2125"]
[PlyCount "41"]
[EventDate "2023.08.??"]
[TimeControl "1/40+30:0"]

1. e4 {97} d5 {58} 2. exd5 {35} Qxd5 {7} 3. Nc3 {50} Qd6 {10} 4. d4 {57} Nf6 {
11} 5. Nf3 {42} a6 {13} 6. g3 {147} Bg4 {28} 7. h3 {44} Bh5 {126} 8. Bg2 {66}
Nc6 {41} 9. d5 {66} Nb4 {1761} 10. Bf4 {25} e5 {316} 11. Bxe5 {881} Bxf3 {239}
12. Bxd6 {145} Bxd1 {8} 13. Bxf8 {9} Rxf8 {527} 14. Rxd1 {86} Nxc2+ {167} 15.
Ke2 {100} O-O-O {32} 16. Rd2 {7} Rfe8+ {216} 17. Kd1 {7} Nb4 {83} 18. a3 {116}
Nbxd5 {57} 19. Nxd5 {66} Ne4 {44} 20. Bxe4 {14} Rxe4 {6} 21. Re1 {17} 1-0

[Event "Championnat de France Alpe d'Huez 2023 "]
[Site "ALPE D'HUEZ, France"]
[Date "2023.08.25"]
[Round "7.22"]
[White "COSTE, Thierry"]
[Black "LEGRAND, Stephane"]
[Result "1/2-1/2"]
[ECO "D05"]
[WhiteElo "2024"]
[BlackElo "2072"]
[PlyCount "37"]
[EventDate "2023.08.??"]
[TimeControl "1/40+30:0"]

1. d4 {6} Nf6 {11} 2. Nf3 {24} e6 {24} 3. e3 {21} d5 {70} 4. Bd3 {14} Bd6 {214}
5. O-O {14} O-O {7} 6. b3 {57} b6 {324} 7. Bb2 {45} Qe7 {139} 8. c4 {36} c6 {39
} 9. Nbd2 {728} h6 {471} 10. a3 {61} a5 {42} 11. Re1 {201} Re8 {232} 12. e4 {
129} dxe4 {25} 13. Nxe4 {9} Nxe4 {23} 14. Bxe4 {275} Bb7 {199} 15. Bc2 {1019}
Nd7 {221} 16. Qd3 {123} Nf8 {379} 17. Ne5 {380} Rad8 {313} 18. Qc3 {250} f5 {
778} 19. Re3 {401} 1/2-1/2

[Event "Championnat de France Alpe d'Huez 2023 "]
[Site "ALPE D'HUEZ, France"]
[Date "2023.08.25"]
[Round "7.23"]
[White "QUILLIEN, Emmanuel"]
[Black "BRUNEAU, Laurent"]
[Result "1/2-1/2"]
[ECO "D04"]
[WhiteElo "2096"]
[BlackElo "2172"]
[PlyCount "133"]
[EventDate "2023.08.??"]
[TimeControl "1/40+30:0"]

1. d4 {3} d5 {5} 2. Nf3 {15} Nf6 {6} 3. e3 {12} c5 {8} 4. c3 {17} Nc6 {88} 5.
dxc5 {365} a5 {232} 6. Bb5 {14} Bd7 {128} 7. a4 {315} e6 {170} 8. b4 {8} axb4 {
345} 9. Bxc6 {12} Bxc6 {46} 10. cxb4 {6} b6 {301} 11. Bb2 {8} bxc5 {250} 12. b5
{7} Bb7 {227} 13. O-O {20} Bd6 {14} 14. Nbd2 {33} Qc7 {388} 15. Qc2 {140} e5 {
69} 16. e4 {63} O-O {742} 17. Rfe1 {589} Rfe8 {137} 18. exd5 {329} Bxd5 {72}
19. Nc4 {1017} e4 {152} 20. Nxd6 {669} Qxd6 {41} 21. Nd2 {15} Ng4 {1233} 22.
Nf1 {9} e3 {31} 23. fxe3 {20} Be4 {7} 24. Qe2 {655} Qg6 {110} 25. h3 {276} Nh6
{17} 26. Qf2 {69} Nf5 {16} 27. Kh2 {369} Nh4 {190} 28. Ng3 {346} Re6 {548} 29.
Nxe4 {77} Qxe4 {111} 30. Rf1 {130} f5 {36} 31. g3 {12} Ng6 {109} 32. Qxf5 {199}
Qxf5 {45} 33. Rxf5 {6} Rxe3 {5} 34. Rf2 {246} Rb3 {10} 35. Ra2 {28} Rxb5 {111}
36. Bxg7 {63} Rba5 {26} 37. Bh6 {29} Rxa4 {17} 38. Rxa4 {194} Rxa4 {5} 39. h4 {
11} Ra8 {15} 40. h5 {58} Ne5 {30} 41. Kh3 {125} Rc8 {110} 42. Rf5 {396} Nf7 {
171} 43. Be3 {334} c4 {159} 44. Rc5 {7} Rxc5 {26} 45. Bxc5 {10} c3 {33} 46. Kg2
{116} c2 {23} 47. Ba3 {294} Ne5 {11} 48. g4 {52} Nd3 {157} 49. g5 {103} c1=Q {
98} 50. Bxc1 {7} Nxc1 {4} 51. Kf3 {20} Kg7 {583} 52. Ke3 {73} Nb3 {11} 53. Kf4
{13} Nd4 {735} 54. Ke5 {111} Nc6+ {167} 55. Kd6 {15} Nb4 {107} 56. Ke5 {15} Kf8
{147} 57. Kf6 {59} Nd5+ {14} 58. Ke5 {40} Ne3 {13} 59. Kf4 {69} Nc4 {81} 60.
Kf5 {13} Ne3+ {109} 61. Kf4 {9} Nf1 {5} 62. Kf5 {46} Ke7 {80} 63. g6 {45} h6 {
19} 64. g7 {6} Kf7 {4} 65. g8=Q+ {6} Kxg8 {4} 66. Kg6 {3} Ng3 {28} 67. Kxh6 {7}
1/2-1/2

[Event "Championnat de France Alpe d'Huez 2023 "]
[Site "ALPE D'HUEZ, France"]
[Date "2023.08.25"]
[Round "7.24"]
[White "FAYARD, Alain"]
[Black "MEZOUAGHI, Miloud"]
[Result "1-0"]
[ECO "A57"]
[WhiteElo "2152"]
[BlackElo "1936"]
[PlyCount "66"]
[EventDate "2023.08.??"]
[TimeControl "1/40+30:0"]

1. d4 {2} Nf6 {30} 2. Nf3 {9} g6 {47} 3. c4 {9} c5 {44} 4. d5 {75} b5 {49} 5.
cxb5 {7} a6 {5} 6. b6 {19} d6 {158} 7. Nc3 {1} Bg7 {30} 8. a4 {12} Qxb6 {31} 9.
a5 {19} Qc7 {190} 10. Nd2 {86} O-O {73} 11. e4 {16} Nbd7 {85} 12. Be2 {60} Rb8
{657} 13. O-O {142} Rb4 {573} 14. Nc4 {403} Ne8 {600} 15. Qc2 {220} Qb8 {1337}
16. f4 {398} Nc7 {101} 17. Bd2 {173} Rb7 {172} 18. Kh1 {639} Nb5 {65} 19. Nxb5
{44} axb5 {15} 20. a6 {23} Ra7 {209} 21. Na5 {100} Rxa6 {235} 22. Nc6 {37} Qa8
{48} 23. Rab1 {139} c4 {400} 24. Nxe7+ {44} Kh8 {2} 25. Bc3 {41} f6 {70} 26.
Bg4 {199} Re8 {199} 27. Nxc8 {136} Qxc8 {3} 28. Rf3 {78} Qd8 {79} 29. Rh3 {100}
Qe7 {29} 30. Be6 {124} Nc5 {148} 31. f5 {92} g5 {81} 32. Qe2 {47} Nd3 {23} 33.
Rxh7+ {24} Kxh7 {46} 1-0

[Event "Championnat de France Alpe d'Huez 2023 "]
[Site "ALPE D'HUEZ, France"]
[Date "2023.08.26"]
[Round "8.21"]
[White "LEGRAND, Stephane"]
[Black "DEGRAEVE, Jean-Marc"]
[Result "0-1"]
[ECO "A35"]
[WhiteElo "2072"]
[BlackElo "2487"]
[PlyCount "97"]
[EventDate "2023.08.??"]
[TimeControl "1/40+30:0"]

1. d4 {4} g6 {24} 2. c4 {21} Bg7 {7} 3. Nf3 {47} c5 {41} 4. Nc3 {39} cxd4 {35}
5. Nxd4 {7} Nc6 {15} 6. Nc2 {84} Bxc3+ {20} 7. bxc3 {6} Qa5 {33} 8. Qd3 {749}
d6 {102} 9. e4 {712} Nf6 {59} 10. f3 {516} Be6 {43} 11. Ne3 {120} Rc8 {32} 12.
Nd5 {92} Ne5 {118} 13. Qd4 {75} Bxd5 {106} 14. exd5 {51} Qb6 {922} 15. Qxb6 {
362} axb6 {0} 16. Rb1 {16} Nxc4 {28} 17. Rb4 {20} Ne5 {256} 18. Rxb6 {215} Rxc3
{194} 19. Bb2 {616} Rc7 {59} 20. f4 {152} Ned7 {59} 21. Bb5 {129} O-O {7} 22.
Bxd7 {38} Nxd7 {8} 23. Rb5 {76} Ra8 {7} 24. a3 {49} Nc5 {23} 25. O-O {767} Nd3
{67} 26. Rf3 {56} Nxb2 {57} 27. Rxb2 {5} Ra5 {21} 28. Rfb3 {82} Rxd5 {49} 29.
Rxb7 {9} Rxb7 {24} 30. Rxb7 {5} Kf8 {25} 31. Ra7 {165} Rd2 {86} 32. a4 {299} h5
{73} 33. h4 {16} e6 {42} 34. a5 {19} Ra2 {12} 35. a6 {46} Kg7 {17} 36. Ra8 {84}
Kf6 {18} 37. Ra7 {96} d5 {209} 38. Kf1 {169} Ra4 {25} 39. g3 {49} Ra2 {10} 40.
Kg1 {61} d4 {561} 41. Kf1 {426} Kf5 {266} 42. Rxf7+ {32} Ke4 {6} 43. Rf6 {626}
Rxa6 {34} 44. Rxg6 {8} Kf3 {9} 45. Ke1 {31} Ke3 {8} 46. Kf1 {30} d3 {5} 47. Rg5
{63} d2 {8} 48. Re5+ {13} Kf3 {5} 49. Rf5 {35} 0-1

[Event "Championnat de France Alpe d'Huez 2023 "]
[Site "ALPE D'HUEZ, France"]
[Date "2023.08.26"]
[Round "8.22"]
[White "QUILLIEN, Emmanuel"]
[Black "COSTE, Thierry"]
[Result "1-0"]
[ECO "A48"]
[WhiteElo "2096"]
[BlackElo "2024"]
[PlyCount "65"]
[EventDate "2023.08.??"]
[TimeControl "1/40+30:0"]

1. Nf3 {1} Nf6 {9} 2. d4 {45} g6 {39} 3. e3 {41} Bg7 {8} 4. b4 {20} O-O {47} 5.
Bb2 {5} b6 {52} 6. Be2 {111} Bb7 {29} 7. O-O {29} e6 {151} 8. c4 {101} d6 {93}
9. Nc3 {231} Nbd7 {101} 10. Qc2 {233} Qe7 {458} 11. a4 {330} a5 {294} 12. bxa5
{91} bxa5 {370} 13. Ba3 {195} c5 {619} 14. Rab1 {300} Rab8 {165} 15. Rb3 {526}
Ne4 {678} 16. Rfb1 {844} Nxc3 {27} 17. Qxc3 {18} cxd4 {64} 18. exd4 {47} Nc5 {
143} 19. Bxc5 {978} dxc5 {27} 20. Qb2 {122} Bxf3 {147} 21. Rxb8 {60} Bxd4 {47}
22. Rxf8+ {144} Qxf8 {6} 23. Qd2 {63} Bc6 {223} 24. Qxa5 {407} Qd6 {331} 25.
Qb6 {276} Qd7 {428} 26. a5 {205} e5 {226} 27. a6 {194} Kg7 {659} 28. a7 {300}
Qf5 {453} 29. Rf1 {12} Qc8 {12} 30. Bg4 {275} f5 {43} 31. Qb8 {6} Qa6 {20} 32.
Be2 {62} Be4 {199} 33. Bf3 {47} 1-0

[Event "Championnat de France Alpe d'Huez 2023 "]
[Site "ALPE D'HUEZ, France"]
[Date "2023.08.26"]
[Round "8.23"]
[White "BRUNEAU, Laurent"]
[Black "LABORDE (SEN+), Stephane"]
[Result "1/2-1/2"]
[ECO "B22"]
[WhiteElo "2172"]
[BlackElo "2125"]
[PlyCount "115"]
[EventDate "2023.08.??"]
[TimeControl "1/40+30:0"]

1. e4 {4} c5 {12} 2. c3 {10} Nf6 {7} 3. e5 {7} Nd5 {2} 4. Nf3 {13} Nc6 {20} 5.
d4 {15} cxd4 {8} 6. Bc4 {21} Nb6 {20} 7. Bb3 {6} d5 {44} 8. exd6 {7} Qxd6 {31}
9. O-O {30} Be6 {40} 10. Na3 {88} Bxb3 {259} 11. Qxb3 {167} e6 {70} 12. Nb5 {
504} Qd7 {484} 13. Nxa7 {496} Rxa7 {133} 14. Qxb6 {94} dxc3 {669} 15. Bf4 {838}
Ra4 {739} 16. Rfd1 {2021} Qc8 {1581} 17. Be5 {318} Rb4 {113} 18. Qe3 {6} cxb2 {
42} 19. Rab1 {6} Nxe5 {319} 20. Qxe5 {14} f6 {51} 21. Qe2 {283} Bc5 {146} 22.
Rxb2 {15} Rxb2 {16} 23. Qxb2 {5} O-O {20} 24. g3 {107} b6 {319} 25. Qb3 {17}
Kh8 {13} 26. a4 {37} e5 {69} 27. Nh4 {319} f5 {217} 28. Qd5 {38} f4 {32} 29.
Rd2 {120} fxg3 {369} 30. hxg3 {14} Bd4 {256} 31. Nf3 {173} Qc5 {123} 32. Qe4 {
98} g6 {42} 33. Rc2 {41} Qd6 {34} 34. Rc6 {28} Qd7 {65} 35. Nxe5 {27} Bxf2+ {33
} 36. Kg2 {37} Qd4 {62} 37. Qxd4 {299} Bxd4 {0} 38. Nf3 {29} Be3 {54} 39. Rc7 {
78} Ra8 {42} 40. Rc4 {109} Kg7 {36} 41. Ne5 {68} Ra7 {162} 42. Kf3 {55} Bg1 {40
} 43. Rc1 {199} Bc5 {191} 44. Nd3 {44} Rxa4 {51} 45. Nxc5 {9} bxc5 {5} 46. Rxc5
{7} h5 {79} 47. Rb5 {397} Kh6 {9} 48. Kg2 {283} h4 {57} 49. gxh4 {46} Rxh4 {2}
50. Rb3 {49} Ra4 {13} 51. Rc3 {108} Kh5 {9} 52. Kg3 {73} Ra2 {10} 53. Rb3 {17}
g5 {13} 54. Rc3 {20} Ra1 {9} 55. Rb3 {32} Rg1+ {6} 56. Kh2 {27} Rg4 {15} 57.
Kh3 {34} Ra4 {6} 58. Kg3 {16} 1/2-1/2

[Event "Championnat de France Alpe d'Huez 2023 "]
[Site "ALPE D'HUEZ, France"]
[Date "2023.08.26"]
[Round "8.24"]
[White "VALETTE, Christian"]
[Black "FAYARD, Alain"]
[Result "0-1"]
[ECO "D94"]
[WhiteElo "1822"]
[BlackElo "2152"]
[PlyCount "73"]
[EventDate "2023.08.??"]
[TimeControl "1/40+30:0"]

1. d4 {4} d5 {45} 2. Nf3 {7} Nf6 {6} 3. e3 {7} g6 {59} 4. c4 {68} Bg7 {8} 5.
Nc3 {13} O-O {38} 6. cxd5 {432} Nxd5 {11} 7. Bc4 {16} Nb6 {129} 8. Be2 {13}
N8d7 {171} 9. O-O {284} e5 {101} 10. dxe5 {744} Nxe5 {25} 11. Qc2 {36} c6 {228}
12. Rd1 {56} Qe7 {28} 13. e4 {113} Nxf3+ {62} 14. Bxf3 {13} Be6 {14} 15. Bf4 {
170} Rfd8 {24} 16. Rxd8+ {445} Rxd8 {11} 17. Rd1 {181} Nc4 {103} 18. Be2 {274}
Rxd1+ {141} 19. Nxd1 {50} Qb4 {28} 20. Bxc4 {169} Qxc4 {110} 21. Qxc4 {418}
Bxc4 {20} 22. b3 {33} Bd3 {18} 23. e5 {114} Kf8 {232} 24. Nc3 {601} Ke7 {129}
25. Bg3 {17} g5 {72} 26. h4 {302} Ke6 {100} 27. hxg5 {244} Bxe5 {50} 28. Bxe5 {
31} Kxe5 {0} 29. g3 {253} Kd4 {72} 30. Nd1 {0} Bb1 {39} 31. Ne3 {250} Bxa2 {69}
32. b4 {484} Kc3 {41} 33. f4 {8} Kxb4 {22} 34. Kf2 {38} Bb3 {50} 35. Ng4 {126}
a5 {31} 36. f5 {61} a4 {25} 37. Ke1 {26} 0-1